 Dungeon Crawl Stone Soup version 0.29.1-1-gd02db6906a (webtiles) character file.

Game seed: 3517456895606392574

847 Demigod47 the Basher (level 7, 0/61 HPs)
             Began as a Minotaur Fighter on Oct 13, 2022.
             Was an Initiate of Okawaru.
             Slain by a sky beast (6 damage)
             ... on level 5 of the Dungeon.
             The game lasted 00:08:23 (4175 turns).

Demigod47 the Basher (Minotaur Fighter)             Turns: 4175, Time: 00:08:23

Health: 0/61       AC: 15    Str: 22    XL:     7   Next: 68%
Magic:  6/6        EV:  8    Int:  5    God:    Okawaru [......]
Gold:   171        SH:  5    Dex: 10    Spells: 6/6 levels left

rFire   + . .      SeeInvis .   a - +1 flail
rCold   . . .      Faith    .   c - +0 buckler
rNeg    . . .      Spirit   .   k - +3 chain mail {rF+}
rPois   .          Reflect  .   (helmet restricted)
rElec   .          Harm     .   (no cloak)
rCorr   .          Rampage  .   g - +0 pair of gloves
Will    .....                   i - +0 pair of boots
Stlth   ..........              (no amulet)
HPRegen 0.20/turn               (no ring)
MPRegen 0.10/turn               (no ring)

@: mighty
A: horns 2, retaliatory headbutt
a: Renounce Religion


You were on level 5 of the Dungeon.
You worshipped Okawaru.
Okawaru was noncommittal.
You visited 2 branches of the dungeon, and saw 6 of its levels.

You collected 171 gold pieces.

Inventory:

Hand Weapons
 a - a +1 flail (weapon)
Armour
 b - a +0 scale mail
 c - a +0 buckler (worn)
 g - a +0 pair of gloves (worn)
 i - a +0 pair of boots (worn)
 k - a +3 chain mail of fire resistance (worn)
 p - a +0 plate armour
Jewellery
 f - a ring of fire
 n - an amulet of regeneration
 u - a ring of magical power
 w - a +6 ring of intelligence
Wands
 q - a wand of flame (13)
Scrolls
 e - a scroll of teleportation
 h - a scroll of fog
 l - a scroll of amnesia
 m - a scroll of enchant weapon
 o - a scroll of magic mapping
 r - a scroll of blinking {unknown}
 t - a scroll of silence {unknown}
Potions
 j - 4 potions of curing
 s - a potion of magic
 x - a potion of brilliance


   Skills:
 + Level 5.2 Fighting
 * Level 8.0 Maces & Flails
 + Level 5.5 Armour
 + Level 1.2 Dodging
 + Level 5.2 Shields


You had 6 spell levels left.
You didn't know any spells.
Your spell library was empty.

Dungeon Overview and Level Annotations

Branches:
Dungeon (5/15)             Temple (1/1) D:4

Altars:
Ashenzari
Okawaru
Vehumet
The Shining One

Annotations:
D:5 1 runed translucent door


Innate Abilities, Weirdness & Mutations

You have a pair of horns on your head.
You reflexively headbutt those who attack you in melee.


Message History

The yak is severely wounded.
The yak gores you!
* * * LOW HITPOINT WARNING * * *
The yak gores you.
* * * LOW HITPOINT WARNING * * *
The yak gores you.
* * * LOW HITPOINT WARNING * * *
The yak gores you.
* * * LOW HITPOINT WARNING * * *
As you read the scroll of teleportation, it crumbles to dust.
You feel strangely unstable. The yak gores you.
* * * LOW HITPOINT WARNING * * *
The yak gores you but does no damage. x2; The yak barely misses you.
You feel very mighty all of a sudden. You block the yak's attack.
The yak gores you but does no damage. The yak gores you.
* * * LOW HITPOINT WARNING * * *
The yak gores you but does no damage.
You hit the yak.
The yak is severely wounded.
Your surroundings suddenly seem different.
A sky beast comes into view.
The sky beast hits you but does no damage.
The sky beast attacks as you move away!
The sky beast hits you but does no damage.
The sky beast flickers out of sight!
Deactivating autopickup; reactivate with Ctrl-A.
Something hits you but does no damage. Something hits you but does no damage.
You closely miss something. Your headbutt misses something.
Something hits you but does no damage.
You miss something. Something hits you but does no damage.
You miss something. You headbutt something!
Something hits you but does no damage.
You closely miss something. You headbutt something!
Something hits you but does no damage.
You miss something. Something hits you.
* * * LOW HITPOINT WARNING * * *
Something shocks you.
You die...

.....# ..#.# ....#
...# .. #..#####.#
.#####.........
.#.#.......... . ..
#.@# #...##.###.## #
##..#...#...#..#.
#.......#.........
#........###.......
##.###.....###......
# #
......###..#.......
.# #. #.#....#
.........# ..#
...#..#..##.#
.........# ....


There were no monsters in sight!

Vanquished Creatures
  The ghost of Earthwalker the Ducker, a novice TrGl of Okawaru (D:5)
  A black bear (D:4)
  A phantom (D:5)
  2 iguanas
  Jessica (D:3)
  Terence (D:2)
  Robin (D:2)
  4 gnolls (D:4)
  6 adders
  2 river rats (D:5)
  A shadow imp (D:5)
  5 worms
  3 dart slugs
  4 orcs (D:3)
  10 ball pythons
  7 bats
  4 endoplasms
  4 giant cockroaches
  19 goblins
  5 hobgoblins
  A quokka (D:5)
  5 frilled lizards (D:2)
  3 kobolds (D:2)
  7 rats
98 creatures vanquished.

Notes
Turn   | Place    | Note
-------+----------+-------------------------------------------
     0 | D:1      | Demigod47 the Minotaur Fighter began the quest for the Orb.
     0 | D:1      | Reached XP level 1. HP: 19/19 MP: 0/0
   132 | D:1      | Found a faded altar of an unknown god.
   175 | D:1      | Reached XP level 2. HP: 21/27 MP: 1/1
   396 | D:1      | You fall into a shaft and drop 1 floor!
   842 | D:2      | Noticed Terence
   848 | D:2      | Killed Terence
   849 | D:2      | Reached XP level 3. HP: 19/33 MP: 2/2
   859 | D:2      | Reached skill level 3 in Maces & Flails
  1252 | D:2      | Reached XP level 4. HP: 41/41 MP: 3/3
  1882 | D:3      | Noticed Robin
  1908 | D:2      | Reached skill level 4 in Maces & Flails
  1913 | D:2      | Reached XP level 5. HP: 25/47 MP: 4/4
  2076 | D:2      | Killed Robin
  2656 | D:3      | Noticed Jessica
  2663 | D:3      | Killed Jessica
  2874 | D:4      | Noticed a black bear
  2883 | D:4      | Killed a black bear
  2884 | D:4      | Reached skill level 5 in Maces & Flails
  2884 | D:4      | Reached skill level 5 in Armour
  2884 | D:4      | Reached XP level 6. HP: 39/53 MP: 5/5
  3275 | D:4      | Found a staircase to the Ecumenical Temple.
  3307 | Temple   | Entered the Ecumenical Temple
  3322 | Temple   | Became a worshipper of Warmaster Okawaru
  3586 | D:4      | Reached skill level 1 in Dodging
  3817 | D:5      | Entered Level 5 of the Dungeon
  3828 | D:5      | Found a runed translucent door.
  3830 | D:5      | Noticed Earthwalker's ghost (novice TrGl)
  3853 | D:5      | Reached skill level 6 in Maces & Flails
  3859 | D:5      | Found a runed translucent door.
  3908 | D:5      | Killed Earthwalker's ghost
  3909 | D:5      | Reached skill level 5 in Fighting
  3909 | D:5      | Reached skill level 7 in Maces & Flails
  3909 | D:5      | Reached skill level 5 in Shields
  3909 | D:5      | Reached XP level 7. HP: 31/61 MP: 6/6
  4108 | D:5      | Reached skill level 8 in Maces & Flails
  4146 | D:5      | Noticed a yak
  4146 | D:5      | Noticed a yak
  4146 | D:5      | Noticed a yak
  4151 | D:5      | Noticed a yak
  4175 | D:5      | Slain by a sky beast

Illustrated notes

Levels and vault maps discovered:
D:1:      dpeg_arrival_simpleton_b, layout_basic,
          hellmonk_ecumenical_altar_blasted, corexii_corridor_pit
D:2:      layout_basic, grunt_ministairs_13, minivault_27,
          minmay_tree_intersection, minmay_strange_pillars, uniq_terence
D:3:      layout_basic, uniq_jessica, uniq_robin
D:4:      layout_basic, minmay_temple_entry_butterflies
D:5:      layout_cave_pools, cheibrodos_worm_habitat, minitemple,
          ebering_ghost_sewer_f
Temple:   nicolae_temple_superstar

Skill      XL: |  1  2  3  4  5  6  7 |
---------------+----------------------+-----
Fighting       | 4 5 |  5.2
Armour         | 4 5 |  5.5
Shields        | 4 5 |  5.2
Maces & Flails | 3 4 5 7 8 |  8.0
Dodging        | 1 |  1.2

Action                   |  1- 3 |  4- 6 |  7- 9 || total
-------------------------+-------+-------+-------++-------
Melee: Flail             |    73 |   157 |    24 ||   254
       Headbutt          |    12 |    22 |    10 ||    44
  Use: Scroll            |       |     7 |     1 ||     8
       Potion            |       |     8 |     1 ||     9
Armor: Scale mail        |    53 |       |       ||    53
       Chain mail        |    12 |   200 |    22 ||   234
Dodge: Dodged            |    55 |    99 |    11 ||   165
Block: Buckler           |    28 |    55 |     5 ||    88
